 Dungeon Crawl Stone Soup version 0.29.1-15-g9cfb28693d (webtiles) character file.

Game seed: 17644422773599495306

1103 Hugehornet the Covered (level 8, -1/46 HPs)
             Began as a Gargoyle Fighter on Mar 22, 2023.
             Was a Believer of Okawaru.
             Slain by a wight
             ... wielding a +2 battleaxe
              (17 damage)
             ... on level 5 of the Dungeon.
             The game lasted 00:09:51 (6323 turns).

Hugehornet the Covered (Gargoyle Fighter)           Turns: 6323, Time: 00:09:51

Health: -1/46      AC: 18    Str: 24    XL:     8   Next: 32%
Magic:  9/9        EV:  9    Int: 10    God:    Okawaru [**....]
Gold:   307        SH:  4    Dex:  8    Spells: 7/7 levels left

rFire   . . .      SeeInvis .   a - +0 war axe
rCold   + . .      Faith    .   c - +0 buckler
rNeg    + + .      Spirit   .   p - +3 scale mail
rPois   ∞          Reflect  .   (no helmet)
rElec   +          Harm     .   q - +0 cloak
rCorr   .          Rampage  .   (no gloves)
Will    .....                   (no boots)
Stlth   ..........              (no amulet)
HPRegen 0.15/turn               l - ring of protection from cold
MPRegen 0.11/turn               A - ring of positive energy

@: no status effects
A: sickness immunity, AC +5, negative energy resistance 1, electricity
resistance, torment resistance 1, petrification resistance, strong 1, subdued
magic 1
a: Renounce Religion, Heroism


You were on level 5 of the Dungeon.
You worshipped Okawaru.
Okawaru was pleased with you.
You visited 1 branch of the dungeon, and saw 6 of its levels.

You collected 307 gold pieces.

Inventory:

Hand Weapons
 a - a +0 war axe (weapon)
 z - a +0 battleaxe
Armour
 c - a +0 buckler (worn)
 p - a +3 scale mail (worn)
 q - a +0 cloak (worn)
 t - a +0 chain mail
Jewellery
 b - a ring of flight
 l - a ring of protection from cold (left hand)
 A - a ring of positive energy (right hand)
Wands
 m - a wand of polymorph (3)
Scrolls
 e - 2 scrolls of poison {unknown}
 f - 4 scrolls of teleportation {unknown}
 h - 2 scrolls of enchant weapon {unknown}
 i - a scroll of summoning {unknown}
 j - a scroll of noise {unknown}
 n - 2 scrolls of amnesia {unknown}
 o - a scroll of fear {unknown}
 s - 2 scrolls of magic mapping {unknown}
 u - a scroll of silence {unknown}
 x - a scroll of blinking {unknown}
Potions
 d - a potion of brilliance
 g - a potion of resistance
 r - a potion of heal wounds
 v - a potion of flight {unknown}
 w - 2 potions of ambrosia
 B - 2 potions of lignification {unknown}
 C - 2 potions of curing


   Skills:
 - Level 3.2 Fighting
 * Level 6.1 Axes
 * Level 7.8 Armour
 + Level 4.0 Shields
 + Level 1.9 Invocations


You had 7 spell levels left.
You didn't know any spells.
Your spell library contained the following spells:

 Spells                   Type           Power      Damage    Failure   Level
 Gell's Gravitas          Tloc           0%         N/A       96%         3
 Teleport Other           Tloc           0%         N/A       96%         3
 Dispersal                Tloc           0%         N/A       100%        6


Dungeon Overview and Level Annotations

Branches:
Dungeon (6/15)             Temple (0/1) D:6

Altars:
Okawaru
Qazlal
Sif Muna
Xom


Innate Abilities, Weirdness & Mutations

You are immune to sickness and miasma.
Your stone body is resilient. (AC +5)
You are immune to poison.
You resist negative energy. (rN+)
You are resistant to electric shocks. (rElec)
You are resistant to unholy torment.
You are immune to petrification.
Your muscles are strong. (Str +4, Int/Dex -1)
Your spells are a little easier to cast, but a little less powerful.


Message History

The wight is almost destroyed.
You hit the wight but do no damage.
The wight hits you but does no damage. x2
The wight hits you from afar with a +0 trident!
The wight barely misses you. The wight attacks as you move away!
The wight hits you with a +4 great sword!
* * * LOW HITPOINT WARNING * * *
The wight closely misses you. The wight hits you with a +0 trident.
* * * LOW HITPOINT WARNING * * *
The wight barely misses you. The wight hits you but does no damage.
The wight closely misses you. The wight attacks as you move away!
The wight closely misses you.
You feel much better. The wight closely misses you.
The wight attacks as you move away! The wight hits you but does no damage.
The wight attacks as you move away! The wight hits you with a +2 battleaxe!
The wight attacks as you move away! The wight hits you with a +2 battleaxe.
There is a stone staircase leading up here.
The wight hits you with a +2 battleaxe!
You climb upwards.
There is a stone staircase leading down here.
You are too injured to fight recklessly!
You are too injured to fight recklessly!
You are too injured to fight recklessly!
You closely miss the wight.
The wight is heavily damaged.
The wight closely misses you.
You hit the wight but do no damage.
The wight is heavily damaged.
The wight barely misses you. x2
You closely miss the wight.
The wight is heavily damaged.
The wight hits you but does no damage.
You closely miss the wight.
The wight is heavily damaged.
You block the wight's attack.
You hit the wight.
The wight is almost destroyed.
The wight hits you with a +2 battleaxe!
You die...

.# ##..##..........#
.######.##..........#
...........>.......##
##########..........#
#..........#
#..........#
#..........#
#......z...#
##.....@..##
##......## ########


You could see a wight.

Vanquished Creatures
  A sky beast (D:6)
  A centaur (D:5)
  The ghost of gargbit the Shooter, an amateur DsHu (D:3)
  An ogre (D:5)
  A necrophage (D:6)
  2 scorpions (D:5)
  3 wights (D:6)
  A howler monkey (D:6)
  2 jellies
  Ijyb (D:5)
  5 iguanas
  4 gnolls (D:5)
  3 adders
  A shadow imp (D:6)
  A white imp (D:6)
  6 ufetubi
  A worm (D:4)
  7 orcs
  8 ball pythons
  4 endoplasms
  A giant cockroach (D:1)
  2 goblins
  6 hobgoblins
  4 jackals (D:3)
  7 bats
  2 frilled lizards
  7 kobolds
  4 rats
87 creatures vanquished.

Vanquished Creatures (others)
  5 demonic plants (D:6)
5 creatures vanquished.

Grand Total: 92 creatures vanquished

Notes
Turn   | Place    | Note
-------+----------+-------------------------------------------
     0 | D:1      | Hugehornet the Gargoyle Fighter began the quest for the
                  | Orb.
     0 | D:1      | Reached XP level 1. HP: 14/14 MP: 1/1
   454 | D:1      | Reached XP level 2. HP: 19/19 MP: 2/2
   753 | D:1      | Found a faded altar of an unknown god.
  1274 | D:2      | You fall into a shaft and drop 2 floors!
  1302 | D:4      | Reached skill level 4 in Armour
  1302 | D:4      | Reached XP level 3. HP: 18/23 MP: 3/3
  1654 | D:4      | Reached XP level 4. HP: 20/28 MP: 4/4
  1793 | D:3      | Noticed a water elemental
  1793 | D:3      | Noticed a fire elemental
  1793 | D:3      | Noticed an air elemental
  1793 | D:3      | Noticed an earth elemental
  1793 | D:3      | Found a stormy altar of Qazlal.
  2667 | D:3      | Found a large runed translucent door.
  2667 | D:3      | Found a large runed translucent door.
  2667 | D:3      | Noticed gargbit's ghost (amateur DsHu)
  2886 | D:3      | Found a shimmering altar of Xom.
  3291 | D:3      | Killed gargbit's ghost
  3292 | D:3      | Reached skill level 5 in Armour
  3292 | D:3      | Reached XP level 5. HP: 16/32 MP: 5/5
  3913 | D:3      | Found an iron altar of Okawaru.
  3922 | D:3      | Became a worshipper of Warmaster Okawaru
  4072 | D:5      | Entered Level 5 of the Dungeon
  4072 | D:5      | Noticed a centaur
  4086 | D:5      | Killed a centaur
  4087 | D:5      | Reached XP level 6. HP: 19/37 MP: 6/6
  4330 | D:5      | Noticed Ijyb
  4350 | D:5      | Reached skill level 6 in Armour
  4358 | D:5      | Reached * piety under Okawaru
  4364 | D:5      | Killed Ijyb
  4652 | D:5      | Reached XP level 7. HP: 41/41 MP: 7/7
  4652 | D:5      | Found a shimmering blue altar of Sif Muna.
  4668 | D:5      | Reached skill level 5 in Axes
  5150 | D:5      | Reached skill level 7 in Armour
  5946 | D:6      | Gained mutation: Your spells are a little easier to cast,
                  | but a little less powerful. [potion of mutation]
  5946 | D:6      | Gained mutation: Your muscles are strong. (Str +4, Int/Dex
                  | -1) [potion of mutation]
  5956 | D:6      | Reached skill level 1 in Invocations
  5984 | D:6      | Reached XP level 8. HP: 37/46 MP: 8/8
  6075 | D:6      | Found a staircase to the Ecumenical Temple.
  6290 | D:6      | Reached ** piety under Okawaru
  6323 | D:5      | Slain by a wight

Illustrated notes

Levels and vault maps discovered:
D:1:      nicolae_arrival_somewhat_less_tricky_arrival, layout_basic,
          shapermc_ecumenical_altar_flowoftime
D:2:      layout_loops_ring
D:3:      layout_basic, lemuel_tele_altar, nicolae_qazlal_style_of_elements,
          nicolae_overflow_hidden_temple, serial_glass, glass_columns_c,
          glass_columns_b, minmay_strange_pillars, ebering_ghost_disaster_area
D:4:      layout_basic
D:5:      layout_rooms, mainiacjoe_overflow_tiny_flanked, uniq_ijyb
D:6:      layout_cave_pools, minmay_temple_entry_hall, serial_demonic,
          serial_demonic_c, serial_demonic_g, serial_demonic_a,
          serial_demonic_b, minivault_23, kennysheep_generic_room_13

Skill      XL: |  1  2  3  4  5  6  7  8 |
---------------+-------------------------+-----
Axes           | 2 3 4 5 6 |  6.1
Armour         | 4 5 6 7 |  7.8
Invocations    | 1 |  1.9
Shields        | 4 |  4.0
Fighting       | |  3.2

Action                   |  1- 3 |  4- 6 |  7- 9 || total
-------------------------+-------+-------+-------++-------
Melee: War axe           |    80 |   148 |   162 ||   390
       Unarmed           |       |     3 |       ||     3
Invok: Heroism           |       |       |     1 ||     1
  Use: Scroll            |       |     4 |     3 ||     7
       Potion            |       |     5 |     3 ||     8
 Stab: Invisible         |       |     2 |       ||     2
Armor: Scale mail        |    49 |    58 |   130 ||   237
       Chain mail        |       |    47 |       ||    47
Dodge: Dodged            |    38 |    77 |   108 ||   223
Block: Buckler           |    26 |    30 |    54 ||   110
